 Dungeon Crawl Stone Soup version 0.24.1-1-gd1d2a07e1b (webtiles) character file.

Game seed: 11242419445798101288, levelgen mode: deterministic

55447 Curus the Severer (level 14, 0/133 HPs)
             Began as a Minotaur Gladiator on Apr 11, 2020.
             Was a High Priest of Trog.
             Slain by a hellwing (6 damage)
             ... summoned by an orc high priest
             ... on level 1 of the Orcish Mines.
             The game lasted 01:31:21 (16657 turns).

Curus the Severer (Minotaur Gladiator)             Turns: 16657, Time: 01:31:22

Health: 0/133      AC: 22    Str: 20    XL:     14   Next: 38%
Magic:  6/6        EV: 10    Int:  7    God:    Trog [*****.]
Gold:   1241       SH:  0    Dex: 18    Spells: 13/13 levels left

rFire    . . .     SeeInvis .   K - +2 battleaxe (antimagic)
rCold    + . .     Gourm    +   (shield currently unavailable)
rNeg     . . .     Faith    .   B - +0 plate armour
rPois    .         Spirit   .   c - +1 hat
rElec    .         Reflect  .   n - +0 cloak
rCorr    .         Harm     .   g - +0 pair of gloves
MR       +++..                  x - +0 pair of boots
Stlth    ..........             O - amulet of the gourmand
HPRegen  1.32/turn              l - ring of protection from cold
MPRegen  0.10/turn              J - +4 ring of dexterity

@: about to teleport, berserk cooldown, regenerating, slowed, very slow
A: retaliatory headbutt, horns 2, high mp 1, sturdy frame 1
a: Berserk, Trog's Hand, Brothers in Arms, Renounce Religion


You were on level 1 of the Orcish Mines.
You worshipped Trog.
Trog was extremely pleased with you.
You were hungry.

You visited 4 branches of the dungeon, and saw 19 of its levels.

You collected 1661 gold pieces.
You spent 420 gold pieces at shops.

Inventory:

Hand Weapons
 a - a +3 war axe
 j - a +1 hand axe of flaming
 F - a +4 antimagic broad axe
 K - a +2 antimagic battleaxe (weapon)
 N - a +5 antimagic war axe
 Q - a +1 broad axe of flaming
Missiles
 d - 6 throwing nets (quivered)
Armour
 b - a +0 leather armour
 c - a +1 hat (worn)
 e - a +0 ring mail
 g - a +0 pair of gloves (worn)
 k - a +0 scale mail
 m - a +0 scale mail
 n - a +0 cloak (worn)
 u - a +0 chain mail
 w - a +0 buckler
 x - a +0 pair of boots (worn)
 B - a +0 plate armour (worn)
 M - the +3 warlock's mirror {reflect}
   (You acquired it on level 4 of the Lair of Beasts)
Jewellery
 l - a ring of protection from cold (left hand)
 A - an uncursed ring of protection from cold
 E - the amulet of Teugin {Spirit rPois rF- SInv Stlth+}
   (You found it on level 11 of the Dungeon)

   [amulet of guardian spirit]

   It causes incoming damage to be split between your health and magic.
   It makes you vulnerable to fire.
   It protects you from poison.
   It lets you see invisible.
   It makes you more stealthy.
 J - a +4 ring of dexterity (right hand)
 O - an amulet of the gourmand (around neck)
Wands
 o - a wand of random effects (43)
 r - a wand of enslavement (18)
 t - a wand of digging (7)
 y - a wand of flame (30)
 G - a wand of iceblast (10)
Scrolls
 h - 3 scrolls of teleportation
 i - 12 scrolls of identify
 p - 3 scrolls of remove curse
 z - 3 scrolls of magic mapping
 H - a scroll of fog
 L - a scroll of blinking
Potions
 q - 6 potions of curing
 s - 3 potions of ambrosia
 v - 3 potions of resistance
 C - 2 potions of invisibility
 I - 2 potions of agility
 P - a potion of might
Comestibles
 f - 36 rations


   Skills:
 - Level 14.9 Fighting
 + Level 18.2 Axes
 - Level 2.0 Throwing
 - Level 14.7 Armour
 - Level 3.2 Dodging
 - Level 7.1 Evocations


You had 13 spell levels left.
You didn't know any spells.
Your spell library was empty.

Dungeon Overview and Level Annotations

Branches:
Dungeon (11/15)            Temple (1/1) D:4            Lair (6/6) D:11
  Swamp (0/4) Lair:4        Snake (0/4) Lair:4        Slime (0/5) Lair:5
    Orc (1/2) D:10

Altars:
Ashenzari
Cheibriados
Dithmenos
Elyvilon
Fedhas
Gozag
Hepliaklqana
Kikubaaqudgha
Makhleb
Nemelex Xobeh
Okawaru
Qazlal
Ru
Sif Muna
Trog
Uskayaw
Vehumet
Wu Jian
Xom
Yredelemnul
Zin
The Shining One
Jiyva

Shops:
D:8 *   D:11 }

Portals:
Hell: Lair:6


Innate Abilities, Weirdness & Mutations

You reflexively headbutt those who attack you in melee.
You have a pair of horns on your head.
You have an increased reservoir of magic. (+10% MP)
Your movements are slightly less encumbered by armour. (ER -2)


Message History

An orc priest comes into view. It is wielding a +0 flail.
The orc high priest hits you but does no damage.
An orc comes into view. It is wielding a +0 falchion.
The orange demon stings you from afar.
* * * LOW HITPOINT WARNING * * *
The hellwing hits you but does no damage. x2
The orc warrior misses you. You furiously retaliate!
You headbutt the orc warrior.
The soul eater hits you but does no damage.
The orc high priest barely misses you.
Okay, then.
Unknown command.
As you read the scroll of teleportation, it crumbles to dust.
You feel strangely unstable.
The orc priest invokes the aid of Beogh against you.
Beogh smites you!
* * * LOW HITPOINT WARNING * * *
The orange demon misses you. The hellwing barely misses you.
The hellwing hits you.
You die...

#......#...#........
.............##.#... .#
#.#..#.......##.....#...
##....#.....##......#.. .
#......###...........# ..
##.##.###......##....#...
# ####.................
#........()o4......
#........).@4o......
#.......>))3oo......
##.........$)o#.#...
#............o..o...
....................
.................o.#
..............o.o..
.................
.#..............


You could see a soul eater, an orc high priest, an orange demon, a hellwing, 3
orc warriors, 2 orc priests, an orc wizard and 3 orcs.

Vanquished Creatures
  Gastronok (Lair:1)
  A dire elephant (Lair:6)
  5 hydras
  Harold (D:7)
  2 catoblepae
  4 death yaks
  3 two-headed ogres
  A sixfirhy (Lair:6)
  An unseen horror (D:10)
  A wizard (Lair:6)
  2 orc knights (Orc:1)
  A cyclops (D:11)
  A manticore (D:11)
  5 elephants
  3 orange demons (Lair:6)
  15 spiny frogs
  A smoke demon (Lair:6)
  A torpor snail (Lair:2)
  3 gargoyles
  An ice devil (Lair:6)
  2 komodo dragons (Lair:6)
  4 rime drakes
  A red devil (Lair:6)
  22 blink frogs
  A troll (D:9)
  13 hippogriffs
  A dream sheep (Lair:6)
  Sigmund (D:6)
  2 spriggans (Lair:2)
  2 wyverns
  3 basilisks
  34 yaks
  Menkaure (D:6)
  A steam dragon (D:11)
  5 hungry ghosts
  3 swamp worms (Lair:4)
  4 nagas (Lair:4)
  4 hell hounds (Lair:6)
  A two-headed ogre zombie (D:10)
  13 water moccasins
  11 orc warriors
  6 porcupines
  2 black bears
  3 phantoms
  3 sky beasts
  4 ice beasts
  A hornet zombie (D:8)
  4 necrophages
  6 ogres
  11 wolves
  5 centaurs
  14 crocodiles
  3 big kobolds
  22 bullfrogs
  3 gnoll sergeants
  2 scorpions
  A troll zombie (D:10)
  4 wights (D:9)
  5 howler monkeys
  2 electric eels (Lair:3)
  4 crimson imps
  2 quasits
  2 centaur zombies (D:6)
  4 hounds
  A jelly (D:7)
  3 bullfrog skeletons
  4 centaur skeletons
  8 orc priests
  Crazy Yiuf (D:3)
  15 orc wizards
  8 iguanas
  Terence (D:2)
  10 worker ants
  Natasha (twice) (D:2)
  12 hell rats
  A killer bee zombie (D:7)
  6 ogre zombies (D:10)
  2 hound zombies
  3 hound skeletons
  Robin (D:2)
  21 gnolls
  16 adders
  A river rat (D:11)
  3 shadow imps
  2 oozes
  2 adder skeletons
  3 worms
  3 dart slugs
  A leopard gecko (D:3)
  45 orcs
  A giant cockroach (D:2)
  12 goblins
  7 hobgoblins
  12 jackals
  5 quokkas
  A ball python (D:4)
  7 bats
  10 frilled lizards
  3 goblin skeletons (D:10)
  6 goblin zombies (D:10)
  4 hobgoblin zombies (D:10)
  19 kobolds
  2 orc skeletons (D:10)
  10 orc zombies (D:10)
  A quokka zombie (D:7)
  10 rats
  11 fungi
  A plant (Lair:3)
592 creatures vanquished.

Vanquished Creatures (collateral kills)
  Snorg (D:11)
  A black mamba (Lair:5)
  5 elephants (Lair:5)
  An ice devil (Lair:6)
  A hippogriff (Lair:5)
9 creatures vanquished.

Vanquished Creatures (others)
  4 fungi
  3 plants
7 creatures vanquished.

Grand Total: 608 creatures vanquished

Notes
Turn   | Place    | Note
-------+----------+-------------------------------------------
     0 | D:1      | Curus the Minotaur Gladiator began the quest for the Orb.
     0 | D:1      | Reached XP level 1. HP: 18/18 MP: 0/0
    33 | D:1      | Reached skill level 4 in Axes
    90 | D:1      | Reached XP level 2. HP: 23/25 MP: 1/1
   487 | D:2      | Reached skill level 5 in Axes
   487 | D:2      | Reached XP level 3. HP: 22/30 MP: 2/2
   576 | D:2      | Noticed Terence
   584 | D:2      | Killed Terence
   584 | D:2      | Reached skill level 6 in Axes
   584 | D:2      | Reached XP level 4. HP: 27/37 MP: 3/3
   752 | D:2      | Noticed Natasha
   757 | D:2      | Killed Natasha
   757 | D:2      | Noticed Natasha
   778 | D:2      | Killed Natasha
  1049 | D:2      | Found a white marble altar of Elyvilon.
  1142 | D:2      | Reached XP level 5. HP: 42/42 MP: 4/4
  1201 | D:2      | Reached skill level 7 in Axes
  1224 | D:2      | Noticed Robin
  1236 | D:2      | Killed Robin
  1743 | D:3      | Reached skill level 8 in Axes
  1924 | D:3      | Reached XP level 6. HP: 44/50 MP: 5/5
  2205 | D:3      | Found a runed translucent door.
  2206 | D:3      | Noticed Crazy Yiuf
  2349 | D:3      | Killed Crazy Yiuf
  2453 | D:4      | Found a staircase to the Ecumenical Temple.
  2488 | D:4      | Reached skill level 9 in Axes
  2519 | Temple   | Entered the Ecumenical Temple
  2662 | Temple   | Became a worshipper of Trog the Wrathful
  2918 | D:4      | Reached XP level 7. HP: 49/56 MP: 6/6
  3104 | D:4      | Reached skill level 10 in Axes
  3318 | D:5      | Entered Level 5 of the Dungeon
  3790 | D:5      | Reached skill level 11 in Axes
  3863 | D:5      | Found a hide-covered altar of Uskayaw.
  4000 | D:5      | Reached * piety under Trog
  4041 | D:5      | Reached XP level 8. HP: 39/62 MP: 7/7
  4050 | D:5      | Found an ancient bone altar of Kikubaaqudgha.
  4271 | D:5      | Reached skill level 12 in Axes
  4368 | D:6      | Noticed a hippogriff
  4374 | D:6      | Killed a hippogriff
  4374 | D:6      | Reached skill level 13 in Axes
  4597 | D:6      | Noticed Menkaure
  4597 | D:6      | Noticed Sigmund
  4610 | D:6      | Killed Sigmund
  4615 | D:6      | Killed Menkaure
  4615 | D:6      | Reached XP level 9. HP: 28/68 MP: 8/8
  5006 | D:7      | Noticed Harold
  5015 | D:7      | Reached skill level 14 in Axes
  5017 | D:7      | Killed Harold
  5017 | D:7      | Reached skill level 15 in Axes
  5156 | D:7      | Found a sacrificial altar of Ru.
  5308 | D:7      | Reached ** piety under Trog
  5458 | D:7      | Reached skill level 16 in Axes
  5704 | D:7      | Reached skill level 1 in Armour
  5895 | D:8      | Reached XP level 10. HP: 59/77 MP: 9/9
  5926 | D:8      | Found a shimmering blue altar of Sif Muna.
  5927 | D:8      | Found a shimmering altar of Xom.
  5928 | D:8      | Found an iron altar of Okawaru.
  5928 | D:8      | Found an opulent altar of Gozag.
  5928 | D:8      | Found a hazy altar of Hepliaklqana.
  6175 | D:8      | Found a radiant altar of Vehumet.
  6177 | D:8      | Found a stormy altar of Qazlal.
  6186 | D:8      | Found Yjoussud's Assorted Antiques.
  6190 | D:8      | Bought a scroll labeled ZAPPYONKOL for 29 gold pieces
  6190 | D:8      | Bought a potion of curing for 87 gold pieces
  6190 | D:8      | Bought a potion of curing for 87 gold pieces
  6190 | D:8      | Bought a scroll of enchant weapon for 217 gold pieces
  6206 | D:8      | Found a sparkling altar of Nemelex Xobeh.
  6489 | D:8      | Reached *** piety under Trog
  6489 | D:8      | Reached skill level 5 in Fighting
  6557 | D:8      | Noticed a two-headed ogre
  6567 | D:8      | Killed a two-headed ogre
  6567 | D:8      | Reached skill level 5 in Armour
  6960 | D:9      | Noticed a two-headed ogre
  6967 | D:9      | Killed a two-headed ogre
  7022 | D:9      | Found an iron altar of Okawaru.
  7730 | D:10     | Entered Level 10 of the Dungeon
  7730 | D:10     | Noticed a gargoyle
  7747 | D:10     | Killed a gargoyle
  7747 | D:10     | Reached XP level 11. HP: 77/95 MP: 10/10
  7824 | D:10     | Reached **** piety under Trog
  7842 | D:10     | Found a staircase to the Orcish Mines.
  7928 | D:10     | Killed an unseen horror
  8045 | D:10     | Reached ***** piety under Trog
  9046 | D:11     | Got a heavily runed bronze amulet
  9056 | D:11     | Reached skill level 10 in Fighting
  9060 | D:11     | Noticed Snorg
  9319 | D:10     | Identified the amulet of Teugin {Spirit rPois rF- SInv
                  | Stlth+} (You found it on level 11 of the Dungeon)
  9329 | D:11     | Reached skill level 10 in Armour
  9367 | D:11     | Received a gift from Trog
  9383 | D:11     | Noticed a death yak
  9392 | D:11     | Noticed a death yak
  9394 | D:11     | Noticed a death yak
  9424 | D:10     | Killed a death yak
  9502 | D:11     | Found a staircase to the Lair.
  9740 | D:11     | Killed a death yak
  9753 | D:11     | Killed a death yak
  9903 | D:11     | Received a gift from Trog
 10012 | D:11     | Killed Snorg
 10012 | D:11     | Reached XP level 12. HP: 52/112 MP: 3/11
 10186 | D:11     | Gained mutation: You have an increased reservoir of magic.
                  | (+10% MP) [potion of mutation]
 10186 | D:11     | Gained mutation: Your movements are slightly less
                  | encumbered by armour. (ER -2) [potion of mutation]
 10202 | Lair:1   | Entered Level 1 of the Lair of Beasts
 10228 | Lair:1   | Reached skill level 1 in Evocations
 10485 | Lair:1   | Noticed Gastronok
 10498 | Lair:1   | Killed Gastronok
 10712 | Lair:1   | Reached skill level 17 in Axes
 11155 | Lair:2   | Reached skill level 5 in Evocations
 11185 | Lair:2   | Noticed a catoblepas
 11198 | Lair:2   | Killed a catoblepas
 11422 | Lair:2   | Noticed a death yak
 11431 | Lair:2   | Killed a death yak
 11465 | Lair:2   | Noticed a six-headed hydra
 11477 | Lair:2   | Killed a one-headed hydra
 11843 | Lair:3   | Reached XP level 13. HP: 90/117 MP: 3/18
 11943 | Lair:3   | Reached skill level 18 in Axes
 12082 | Lair:3   | Received a gift from Trog
 12852 | Lair:4   | Found a staircase to the Snake Pit.
 13141 | Lair:4   | Identified a scroll of acquirement
 13142 | Lair:4   | Found the +3 warlock's mirror {reflect}
 13427 | Lair:4   | Found a staircase to the Swamp.
 13754 | Lair:5   | Received a gift from Trog
 14314 | Lair:5   | Found a viscous altar of Jiyva.
 14315 | Lair:5   | Found a staircase to the Slime Pits.
 14484 | Lair:6   | Entered Level 6 of the Lair of Beasts
 14715 | Lair:6   | Reached XP level 14. HP: 78/132 MP: 6/20
 15303 | Lair:6   | Found a burning altar of Makhleb.
 15328 | Lair:6   | HP: 1/133 [orange demon (7)]
 15333 | Lair:6   | HP: 4/133 [spiny frog (11)]
 16024 | Lair:6   | Found a gateway to Hell.
 16318 | D:11     | Found Icoim's Gadget Emporium.
 16456 | Orc:1    | Entered Level 1 of the Orcish Mines
 16646 | Orc:1    | Received a gift from Trog
 16657 | Orc:1    | HP: 6/133 [orc priest/divine providence[an orc high priest]
                  | (9)]
 16657 | Orc:1    | Slain by a hellwing

Levels and vault maps discovered:
D:1:      mrwooster_arrival_statue_3, layout_basic, minivault_23,
          lemuel_old_faithful
D:2:      layout_loops_corners, lemuel_crystal_altar, first_ration,
          roderic_cross_of_infinity, minmay_misc_feat_ornament, uniq_terence,
          uniq_robin, uniq_natasha
D:3:      layout_loops_cross, uniq_crazy_yiuf_cottage
D:4:      layout_rooms, minmay_temple_entry_sparse_star, saegor_snake_ambush
D:5:      layout_loops_ring, marbit_many_paths, eat_drink_and_be_merry_uskayaw,
          grunt_decor_arrowhead
D:6:      layout_cave_pools, st_stairs_14, uniq_menkaure, uniq_sigmund
D:7:      layout_gridville, nicolae_ru_awakened_eye, uniq_harold
D:8:      layout_loops_ring, nicolae_overflow_crystal_walls,
          grunt_temple_overflow_open, serial_shops, shop, blue_anna_alchemist
          [blue_anna_fruit_fields, blue_anna_fruit_fields]
D:9:      layout_loops_corners, basic_altar
D:10:     layout_roguey, zombieorc2_lemuel, minmay_misc_feat_more_columns
D:11:     layout_rooms, dpeg_lair_monsters, serial_shops, shop,
          kennysheep_generic_room_15, uniq_snorg
Temple:   dpeg_chambers_temple
Lair:1:   layout_roguey, columned_hall_lemuel, minmay_shattered_shrine,
          uniq_gastronok
Lair:2:   wad_woods_tower, layout_chaotic_city, minmay_stone_trees_large,
          lemuel_fruit_fields
Lair:3:   layout_misc_corridors, grunt_megastairs_2, infiniplex_staircase_pool
Lair:4:   layout_long_grid, minmay_swamp_entry_worms,
          minmay_snake_entry_guardpost_medium, st_stairs_10
Lair:5:   layout_cave_shapes, slime_altar_1
Lair:6:   evil_forest, layout_loops_ring
Orc:1:    layout_caves, serial_shops, nicolae_shop_statue_plus

Skill      XL: |  1  2  3  4  5  6  7  8  9 10 11 12 13 |
---------------+----------------------------------------+-----
Axes           | 4 5 6 8 9 11 13 16 17 18 | 18.2
Fighting       | 3 8 11 14 | 14.9
Armour         | 1 7 11 14 | 14.7
Evocations     | 6 7 |  7.1
Throwing       | |  2.0
Dodging        | |  3.2

Action                   |  1- 3 |  4- 6 |  7- 9 | 10-12 | 13-15 || total
-------------------------+-------+-------+-------+-------+-------++-------
Melee: War axe           |    44 |   210 |   262 |   603 |       ||  1119
       Headbutt          |     4 |    26 |    45 |   191 |   150 ||   416
       Broad axe         |       |       |       |   251 |    39 ||   290
       Hand axe          |       |       |       |     7 |    43 ||    50
       Battleaxe         |       |       |       |       |   444 ||   444
Invok: Berserk           |       |       |     2 |     5 |     5 ||    12
       Brothers in Arms  |       |       |       |     1 |     2 ||     3
       Trog's Hand       |       |       |       |     1 |     2 ||     3
Evoke: Wand              |       |       |       |     6 |     1 ||     7
  Use: Scroll            |     3 |     4 |     4 |     9 |     7 ||    27
       Potion            |     2 |     6 |       |     4 |     3 ||    15
 Stab: Petrified         |       |       |       |     3 |       ||     3
  Eat: Chunk             |       |     7 |    11 |    13 |    11 ||    42
       Ration            |       |       |     1 |     8 |     3 ||    12
Armor: Ring mail         |    17 |       |       |       |       ||    17
       Scale mail        |       |    91 |    39 |       |       ||   130
       Chain mail        |       |       |    63 |    90 |       ||   153
       Plate armour      |       |       |       |   255 |   325 ||   580
Dodge: Dodged            |    19 |   104 |   115 |   197 |   236 ||   671
Block: Buckler           |       |       |       |    73 |     4 ||    77
